 Dungeon Crawl Stone Soup version 0.24.0-123-gd5b16e6ec5 (webtiles) character file.

Game seed: 14068449033566859577, levelgen mode: deterministic

40369 Monsterracer the Grappler (level 13, -4/116 HPs)
             Began as a White Draconian Fighter on Jan 5, 2020.
             Was a High Priest of Cheibriados.
             Slain by a red devil
             ... wielding a +0 trident
              (22 damage)
             ... on level 6 of the Lair of Beasts.
             The game lasted 00:31:25 (25781 turns).

Monsterracer the Grappler (DrFi)                   Turns: 25781, Time: 00:31:25

Health: -4/116     AC: 13    Str: 32    XL:     13   Next: 74%
Magic:  20/20      EV: 23    Int: 24    God:    Cheibriados [*****.]
Gold:   678        SH: 16    Dex: 32    Spells: 14/22 levels left

rFire    + + .     SeeInvis .     - Unarmed
rCold    + + .     Gourm    +   G - +2 shield of Resistance {rF+ rC+ MR+}
rNeg     . . .     Faith    .   (armour unavailable)
rPois    +         Spirit   .   D - +2 hat {MR+}
rElec    +         Reflect  .   y - +2 cloak {rPois}
rCorr    .         Harm     .   (no gloves)
MR       ++...                  (no boots)
Stlth    ++........             a - amulet "Jathre" {Gourm Fragile rElec rF+ Dex+6}
HPRegen  0.29/turn              v - +3 ring of evasion
MPRegen  0.17/turn              L - ring of attention (curse)

@: weakened, very slow
A: breathe frost, unfitting armour, cold resistance 1, cold-blooded, AC +8
a: Breathe Frost, Bend Time, Temporal Distortion, Slouch, Step From Time,
Renounce Religion


You were on level 6 of the Lair of Beasts.
You worshipped Cheibriados.
Cheibriados was extremely pleased with you.
You were not hungry.

You visited 3 branches of the dungeon, and saw 17 of its levels.
You also visited: Gauntlet and Ice Cave.

You collected 1098 gold pieces.
You spent 420 gold pieces at shops.

Inventory:

Armour
 y - a +2 cloak of poison resistance (worn)
   (You found it in a Gauntlet)
 D - a +2 hat of magic resistance (worn)
   (You took it off Gastronok on level 9 of the Dungeon)
 G - the +2 shield of Resistance (worn) {rF+ rC+ MR+}
   (You took it off a minotaur in a Gauntlet)

   It protects you from fire.
   It protects you from cold.
   It affects your resistance to hostile enchantments.
Jewellery
 a - the amulet "Jathre" (around neck) {Gourm Fragile rElec rF+ Dex+6}
   (You found it in a Gauntlet)

   [amulet of the gourmand]

   It allows you to eat raw meat even when not hungry.
   It affects your dexterity (+6).
   It protects you from fire.
   It insulates you from electricity.
   It will be destroyed if unequipped.
 v - a +3 ring of evasion (left hand)
   (You found it on level 6 of the Dungeon)
 C - an uncursed ring of protection from cold
   (You found it on level 4 of the Dungeon)
 F - an uncursed ring of protection from fire
   (You found it on level 2 of the Dungeon)
 L - a cursed ring of attention (right hand)
   (You found it on level 2 of the Lair of Beasts)
 M - an uncursed ring of protection from magic
   (You found it on level 4 of the Lair of Beasts)
Wands
 q - a wand of polymorph (30)
   (You took it off a centaur on level 7 of the Dungeon)
 s - a wand of digging (4)
   (You found it on level 7 of the Dungeon)
 w - a wand of acid (15)
   (You found it on level 7 of the Dungeon)
 x - a wand of scattershot (7)
   (You found it on level 3 of the Lair of Beasts)
 A - a wand of iceblast (17)
   (You found it on level 9 of the Dungeon)
 K - a wand of disintegration (16)
   (You found it in a Gauntlet)
 P - a wand of flame (24)
   (You found it in a Gauntlet)
 Q - a wand of paralysis (8)
   (You found it on level 2 of the Lair of Beasts)
Scrolls
 h - 3 scrolls of fog {!r}
 l - 5 scrolls of enchant armour
 m - 2 scrolls of magic mapping
 o - 4 scrolls of amnesia
 r - 4 scrolls of remove curse
 t - 10 scrolls of teleportation {!r}
 B - a scroll of silence
 E - 2 scrolls of fear {!r}
 J - a scroll of vulnerability
 X - a scroll of blinking
Potions
 d - 4 potions of heal wounds
 e - 4 potions of curing
 g - 2 potions of agility
 i - a potion of magic
 j - 2 potions of might
 k - a potion of mutation {!q}
 n - 4 potions of cancellation
 p - a potion of ambrosia {!q}
 u - a potion of invisibility
 z - 4 potions of brilliance
 H - 9 potions of flight
 I - 2 potions of lignification
Miscellaneous
 N - a sack of spiders
Comestibles
 c - 15 rations


   Skills:
 + Level 11.2 Fighting
 + Level 7.8 Dodging
 + Level 2.2 Stealth
 + Level 8.4 Shields
 * Level 13.6 Unarmed Combat
 - Level 5.2 Spellcasting
 + Level 2.5 Hexes
 - Level 5.1 Translocations
 + Level 3.5 Transmutations
 + Level 7.5 Invocations
 - Level 6.0 Evocations


You had 14 spell levels left.
You knew the following spells:

 Your Spells              Type           Power        Failure   Level  Hunger
b - Sticks to Snakes      Tmut           ###.....     7%          2    None
e - Blink                 Tloc           N/A          3%          2    None
w - Cause Fear            Hex            ###.......   56%         4    ####...

Your spell library contained the following spells:

 Spells                   Type           Power        Failure   Level  Hunger
 Beastly Appendage        Tmut           ###...       4%          1    None
 Corona                   Hex            ###....      7%          1    None
 Slow                     Hex            ###.....     11%         2    None
 Portal Projectile        Hex/Tloc       ###...       12%         3    ##.....
 Magic Dart               Conj           #...         21%         1    None
 Spider Form              Tmut/Pois      ##........   28%         3    ##.....
 Call Imp                 Summ           #.......     30%         2    None
 Inner Flame              Hex/Fire       ##......     34%         3    ##.....
 Conjure Flame            Conj/Fire      #.......     52%         3    ##.....
 Mephitic Cloud           Conj/Pois/Air  #.......     52%         3    ##.....
 Ice Form                 Ice/Tmut       ##......     67%         4    ####...
 Leda's Liquefaction      Hex/Erth       ##........   75%         4    ####...
 Blade Hands              Tmut           ###.......   77%         5    #####..


Dungeon Overview and Level Annotations

Branches:
Dungeon (10/15)            Temple (1/1) D:5            Lair (5/6) D:9
  Swamp (0/4) Lair:2       Spider (0/4) Lair:2        Slime (0/5) Lair:5
  IceCv (visited)         Gauntlet (visited)
    Orc: D:9-12

Altars:
Ashenzari
Cheibriados
Dithmenos
Elyvilon
Fedhas
Gozag
Hepliaklqana
Kikubaaqudgha
Makhleb
Nemelex Xobeh
Okawaru
Qazlal
Ru
Sif Muna
Trog
Uskayaw
Vehumet
Wu Jian
Xom
Yredelemnul
Zin
The Shining One
Jiyva

Shops:
D:7 !

Annotations:
D:10 Nergalle
Lair:2 2 transporters
Lair:4 Snorg


Innate Abilities, Weirdness & Mutations

You can breathe waves of freezing cold.
You can buffet flying creatures when you breathe cold.
Your icy white scales are hard. (AC +8)
You cannot fit into any form of body armour.
Your flesh is cold resistant. (rC+)
You are cold-blooded and may be slowed by cold attacks.


Message History

The hell hound bites you! The orange demon stings you.
You block the orange demon's attack.
The red devil hops backward while attacking.
The red devil closely misses you. The hell hound misses you.
The hellwing hits you!
The hellwing hits you but does no damage.
You block the orange demon's attack. x2; You block the hell hound's attack.
The red devil hits you from afar with a +0 trident!
* * * LOW HITPOINT WARNING * * *
Unknown command.
You punch the hell hound!
You kill the hell hound!
Cheibriados appreciates the change of pace.
The hellwing closely misses you. The hellwing completely misses you.
You block the orange demon's attack. The orange demon misses you.
You closely miss the orange demon. The red devil misses you.
The hellwing hits you but does no damage.
The hellwing misses you. You block the orange demon's attack.
The orange demon hits you.
* * * LOW HITPOINT WARNING * * *
Unknown command.
You pummel the orange demon!!
The orange demon is moderately wounded.
You block the red devil's attack. You block the hellwing's attack. x2
You punch the orange demon!
You tail-slap the orange demon, but do no damage.
The orange demon is heavily wounded.
The orange demon completely misses you. The orange demon hits you.
* * * LOW HITPOINT WARNING * * *
The hellwing misses you. x2
The red devil hits you from afar with a +0 trident.
* * * LOW HITPOINT WARNING * * *
Unknown command.
You punch the orange demon!
The orange demon is severely wounded.
The orange demon stings you but does no damage.
The orange demon barely misses you.
You hit the orange demon.
The orange demon is severely wounded.
The hellwing closely misses you. You block the hellwing's attack.
The red devil completely misses you. You block the orange demon's attack.
The orange demon completely misses you.
You hit the orange demon but do no damage.
The orange demon is severely wounded.
You block the hellwing's attack. The hellwing closely misses you.
You block the red devil's attack. The orange demon misses you.
The orange demon hits you.
* * * LOW HITPOINT WARNING * * *
You feel as though you will be weak longer.
Unknown command.
You barely miss the orange demon.
The orange demon is severely wounded.
The hellwing hits you!
* * * LOW HITPOINT WARNING * * *
The hellwing misses you.
Unknown command.
You punch the orange demon! You tail-slap the orange demon.
You kill the orange demon!
Cheibriados appreciates the change of pace.
You block the red devil's attack. The hellwing barely misses you.
The hellwing completely misses you.
You closely miss the hellwing.
The hellwing is lightly wounded.
You block the red devil's attack.
You hit the hellwing.
You tail-slap the hellwing, but do no damage.
The hellwing is lightly wounded.
You block the hellwing's attack. The hellwing completely misses you.
The red devil completely misses you.
You hit the hellwing but do no damage.
The hellwing is lightly wounded.
You block the hellwing's attack. x2
You closely miss the hellwing.
Your tail-slap misses the hellwing.
The hellwing is lightly wounded.
The red devil hits you from afar with a +0 trident.
* * * LOW HITPOINT WARNING * * *
The hellwing misses you.
The hellwing hits you but does no damage.
You hit the hellwing.
The hellwing is lightly wounded.
The red devil misses you. The hellwing hits you!
* * * LOW HITPOINT WARNING * * *
You block the hellwing's attack.
You closely miss the hellwing.
Your tail-slap misses the hellwing.
The hellwing is lightly wounded.
Unknown command.
You hit the hellwing but do no damage.
The hellwing is lightly wounded.
You block the red devil's attack. You block the hellwing's attack.
The hellwing closely misses you.
You closely miss the hellwing.
The hellwing is lightly wounded.
The red devil completely misses you. The hellwing completely misses you.
You block the hellwing's attack.
You hit the hellwing but do no damage.
You tail-slap the hellwing, but do no damage.
The hellwing is lightly wounded.
You block the hellwing's attack. The hellwing completely misses you.
The red devil hits you from afar with a +0 trident!!
You die...

.."....♣♣♣ ♣....♣ ♣.♣♣P♣♣♣
######''#######
♣♣♣♣♣+#########.............#
........#...8....8....#
..8.8...'.............#
...#.8..###############
..#.8...#...4....§
...8.#..#.4......§
..8.#...†.@.._....
...8.8.)#.........
........#.....≈≈≈≈
############≈≈≈≈≈§ ≈≈≈≈≈≈
######


You could see a hellwing and a red devil.

Vanquished Creatures
  Gastronok (D:9)
  A minotaur (Gauntlet)
  A dire elephant (Lair:6)
  2 hydras (Lair:6)
  2 catoblepae (Lair:6)
  2 two-headed ogres (D:8 D:9)
  A death scarab (Gauntlet)
  A death yak (Lair:6)
  A spectral death yak (Gauntlet)
  A sixfirhy (Lair:6)
  Pikel (D:9)
  3 wizards (Gauntlet Lair:6)
  A necromancer (IceCv)
  An orb spider (Lair:2)
  An ugly thing (D:9)
  A moth of wrath (Gauntlet)
  Maurice (D:8)
  2 elephants (D:9 Lair:6)
  3 black mambas (Lair:1 Lair:2 Lair:3)
  3 ice statues (IceCv)
  9 spiny frogs (Lair:1 Lair:2 Lair:3 Lair:4 Lair:5)
  3 orange demons (Lair:6)
  A centaur skeleton (D:10)
  4 rime drakes (Lair:3 Lair:6)
  3 komodo dragons (Lair:1 Lair:2 Lair:3)
  9 ice devils (IceCv Lair:6)
  A polar bear (Lair:6)
  15 blink frogs (Lair:2 Lair:3 Lair:4 Lair:6)
  9 hippogriffs (D:7 D:9 Lair:2 Lair:3 Lair:4)
  2 wyverns (Lair:1 Lair:4)
  11 yaks (Lair:4 Lair:5 Lair:6)
  8 basilisks (D:9 Lair:5 Lair:6)
  A hungry ghost (D:8)
  A steam dragon (Lair:3)
  5 insubstantial wisps (Lair:2)
  3 hell hounds (Lair:6)
  5 water moccasins (Lair:1 Lair:4 Lair:5 Lair:6)
  7 porcupines (Lair:1 Lair:3 Lair:4 Lair:5)
  3 orc warriors (D:6 D:8 D:9)
  3 slaves (D:9)
  2 phantoms (D:9 D:8)
  5 sky beasts (D:5 D:6 D:10)
  10 ice beasts (D:8 D:9 Lair:5)
  11 wolves (Lair:3 Gauntlet Lair:6)
  4 ogres (D:7 D:8 D:9)
  3 centaurs (D:7 D:8 D:9)
  14 crocodiles (Lair:1 Lair:2 Lair:3 Lair:4 Lair:6)
  A big kobold (D:9)
  7 bullfrogs (D:6 D:9 D:8 Lair:2 Lair:3)
  2 scorpions (D:5 D:7)
  4 wights (D:7)
  3 crimson imps (D:3 D:5 D:9)
  2 bullfrog zombies (D:9)
  3 draconian simulacra (IceCv)
  2 bullfrog skeletons (D:6 D:7)
  5 hounds (D:4 D:5 D:8 D:9)
  2 jellies (D:6 D:7)
  8 orc priests (D:3 D:4 D:7 D:8 D:9)
  3 iguanas (D:4 D:7 D:8)
  12 orc wizards (D:3 D:4 D:6 D:8)
  3 gnoll shamans (D:5 D:8)
  2 troll simulacra (IceCv)
  4 worker ants (D:5 D:6 D:9)
  2 spriggan simulacra (IceCv)
  2 killer bee zombies (D:7 D:8)
  A centaur simulacrum (IceCv)
  A hound zombie (D:6)
  A hound skeleton (D:7)
  A howler monkey zombie (D:8)
  A worker ant zombie (D:5)
  16 gnolls (D:3 D:5 D:8)
  13 adders (D:2 D:3 D:4 D:6 D:7)
  A howler monkey skeleton (D:8)
  2 naga simulacra (IceCv)
  3 shadow imps (Gauntlet)
  2 white imps (Gauntlet)
  An ooze (D:1)
  2 adder skeletons (D:4 D:8)
  3 worms (D:2 D:3)
  2 dart slugs (D:2 D:3)
  4 leopard geckos (D:2 D:3 D:6 D:8)
  29 orcs (D:3 D:4 D:6 D:7 D:8)
  A ball python (D:5)
  5 giant cockroaches (D:1 D:3 D:6)
  7 goblins (D:1 D:3)
  10 hobgoblins (D:1 D:2 D:3)
  10 jackals (D:2 D:3 D:5)
  13 kobolds (D:1 D:2 D:3 D:9)
  4 quokkas (D:2 D:3 D:8 D:9)
  6 bats (D:1 D:2 D:3)
  4 frilled lizards (D:1 D:3)
  3 quokka skeletons (D:4 D:5 D:6)
  6 rats (D:1 D:3)
401 creatures vanquished.

Vanquished Creatures (collateral kills)
  A plant (Lair:4)
1 creature vanquished.

Vanquished Creatures (others)
  A slave (D:9)
  A shadow imp (Gauntlet)
  8 fungi (D:9 Lair:2 Gauntlet Lair:4 Lair:6)
  9 plants (Lair:3 Gauntlet Lair:4 Lair:5 Lair:6)
19 creatures vanquished.

Grand Total: 421 creatures vanquished

Notes
Turn   | Place    | Note
-------+----------+-------------------------------------------
     0 | D:1      | Monsterracer the Draconian Fighter began the quest for the
                  | Orb.
     0 | D:1      | Reached XP level 1. HP: 19/19 MP: 1/1
   239 | D:1      | Reached XP level 2. HP: 26/26 MP: 2/2
   890 | D:2      | Reached skill level 3 in Unarmed Combat
   926 | D:2      | Reached XP level 3. HP: 24/33 MP: 3/3
  1149 | D:2      | Noticed a +0 hand axe
  1151 | D:2      | Noticed a +0 hand axe
  1159 | D:2      | Found a hide-covered altar of Uskayaw.
  1244 | D:2      | Found a sparkling altar of Nemelex Xobeh.
  1451 | D:2      | HP: 16/33 [poisoned by an adder]
  1459 | D:2      | HP: 15/33 [poisoned by an adder]
  1482 | D:2      | HP: 15/33 [bat (1)]
  1935 | D:3      | Reached XP level 4. HP: 32/40 MP: 4/4
  2202 | D:3      | Reached skill level 4 in Unarmed Combat
  2252 | D:3      | Found a hazy altar of Hepliaklqana.
  2404 | D:3      | Found a blossoming altar of Fedhas.
  2530 | D:3      | Reached XP level 5. HP: 47/47 MP: 5/5
  2572 | D:3      | HP: 14/47 [orc priest/nerve-wracking pain (12)]
  2581 | D:3      | HP: 2/47 [orc/+0 flail (7)]
  3062 | D:3      | Reached skill level 5 in Unarmed Combat
  3725 | D:4      | Reached skill level 5 in Fighting
  3849 | D:4      | Reached XP level 6. HP: 49/56 MP: 6/6
  4324 | D:4      | Found a burning altar of Makhleb.
  4346 | D:4      | Reached skill level 6 in Unarmed Combat
  4568 | D:4      | Found a basalt altar of Yredelemnul.
  4954 | D:5      | Entered Level 5 of the Dungeon
  5052 | D:5      | HP: 28/56 [gnoll/+0 halberd (10)]
  5058 | D:5      | Your scales start taking on an icy white colour.
  5058 | D:5      | Reached XP level 7. HP: 32/62 MP: 7/7
  5058 | D:5      | Gained mutation: Your flesh is cold resistant. (rC+) [White
                  | Draconian growth]
  5059 | D:5      | HP: 24/62 [gnoll/+0 spear (8)]
  5065 | D:5      | HP: 24/62 [jackal (1)]
  5083 | D:5      | HP: 26/62 [jackal (2)]
  5488 | D:5      | Reached skill level 7 in Unarmed Combat
  5551 | D:5      | HP: 30/63 [gnoll shaman/+0 whip (6)]
  5563 | D:5      | HP: 26/63 [gnoll/+0 spear (2)]
  5772 | D:4      | Found a sparkling altar of Nemelex Xobeh.
  5864 | D:5      | Found a staircase to the Ecumenical Temple.
  6738 | D:6      | Reached XP level 8. HP: 48/71 MP: 8/8
  6903 | D:6      | Reached skill level 8 in Unarmed Combat
  7053 | D:6      | HP: 26/71 [orc warrior/cursed -3 halberd (12)]
  7123 | D:6      | HP: 35/71 [hound (4)]
  7134 | D:5      | HP: 34/71 [hound (2)]
  7916 | D:6      | Found a shimmering altar of Xom.
  8020 | D:7      | Reached skill level 9 in Unarmed Combat
  8154 | D:7      | Noticed a hippogriff
  8183 | D:7      | Killed a hippogriff
  8247 | D:7      | HP: 32/74 [iguana (8)]
  8254 | D:7      | HP: 28/74 [wight/+0 short sword (5)]
  8455 | D:7      | HP: 35/74 [wight/+0 short sword (5)]
  8659 | D:7      | You are sucked into a shaft and drop 3 floors!
  8659 | D:10     | Entered Level 10 of the Dungeon
  8659 | D:10     | Noticed Nergalle
  8663 | D:10     | Noticed a spectral orc knight
  8736 | D:10     | Reached XP level 9. HP: 60/81 MP: 9/9
  8972 | D:9      | Noticed Pikel
  8986 | D:9      | Noticed an elephant
  8987 | D:9      | Found a staircase to the Lair.
  9201 | D:9      | Noticed a red ugly thing
  9275 | D:7      | Reached skill level 10 in Unarmed Combat
  9537 | D:7      | HP: 40/82 [hippogriff (2)]
  9976 | D:7      | HP: 37/82 [centaur/arrow (12)]
 10182 | D:7      | Found Uxzuc's Distillery.
 10185 | D:7      | Bought a potion of heal wounds for 70 gold pieces
 10185 | D:7      | Bought a potion of cancellation for 112 gold pieces
 10185 | D:7      | Bought a potion of degeneration for 14 gold pieces
 10185 | D:7      | Bought a potion of heal wounds for 70 gold pieces
 10186 | D:7      | Bought a potion of curing for 42 gold pieces
 10186 | D:7      | Bought a potion of invisibility for 112 gold pieces
 10227 | D:7      | Found a glowing silver altar of Zin.
 10228 | D:7      | Noticed an angel
 10358 | D:7      | HP: 31/82 [centaur/arrow (11)]
 10359 | D:7      | HP: 15/82 [centaur/arrow (5)]
 10456 | Temple   | Entered the Ecumenical Temple
 10780 | Temple   | Became a worshipper of Cheibriados the Contemplative
 11180 | D:8      | Reached skill level 1 in Invocations
 11185 | D:8      | Reached skill level 1 in Evocations
 11251 | D:8      | Reached * piety under Cheibriados
 11290 | D:8      | HP: 40/82 [orc warrior/+0 mace (11)]
 11293 | D:8      | Reached skill level 5 in Shields
 11550 | D:8      | Noticed Maurice
 11566 | D:8      | Killed Maurice
 11566 | D:8      | Reached XP level 10. HP: 90/90 MP: 11/11
 11634 | D:8      | Noticed a two-headed ogre
 11642 | D:8      | HP: 36/90 [two-headed ogre/+0 giant club (20)]
 11642 | D:8      | HP: 14/90 [two-headed ogre/+0 giant club (22)]
 11644 | D:8      | Killed a two-headed ogre
 12234 | D:8      | Reached skill level 5 in Dodging
 12664 | D:9      | HP: 39/91 [elephant (15)]
 12670 | D:9      | HP: 16/91 [elephant (15)]
 12672 | D:9      | Killed an elephant
 12672 | D:9      | Reached skill level 11 in Unarmed Combat
 13013 | D:9      | HP: 45/91 [red ugly thing (9)]
 13016 | D:9      | Killed a red ugly thing
 13275 | D:9      | HP: 45/91 [Pikel/+0 whip of electrocution (9)]
 13276 | D:9      | Killed Pikel
 13486 | D:9      | Found a bloodstained altar of Trog.
 13487 | D:9      | Noticed a two-headed ogre
 13626 | D:9      | Reached ** piety under Cheibriados
 13635 | D:9      | Found a glowing golden altar of the Shining One.
 13637 | D:9      | Noticed Gastronok
 13646 | D:9      | HP: 31/91 [Gastronok/the air (41)]
 13663 | D:9      | HP: 33/91 [kobold/+0 club (1)]
 13685 | D:9      | Killed Gastronok
 13685 | D:9      | Reached XP level 11. HP: 42/97 MP: 12/14
 14334 | D:9      | Killed a two-headed ogre
 14511 | Lair:1   | Entered Level 1 of the Lair of Beasts
 15033 | Lair:1   | Reached skill level 5 in Invocations
 15042 | Lair:1   | Reached skill level 12 in Unarmed Combat
 15541 | Lair:2   | Learned a level 2 spell: Blink
 15579 | Lair:2   | HP: 49/99 [poisoned by a spiny frog]
 15584 | Lair:2   | HP: 25/99 [poisoned by a spiny frog]
 15589 | Lair:2   | HP: 20/99 [poisoned by a spiny frog]
 15594 | Lair:2   | HP: 13/99 [poisoned by a black mamba]
 15596 | Lair:2   | HP: 4/99 [black mamba (9)]
 15597 | Lair:2   | Reached skill level 10 in Fighting
 15935 | Lair:2   | Found a transporter.
 16091 | Lair:2   | Reached *** piety under Cheibriados
 16137 | Lair:2   | Found a transporter.
 16139 | Lair:2   | Found the +2 pair of boots of the Assassin {Detection Stab+
                  | Stlth++}
 16317 | Lair:2   | Found a staircase to the Swamp.
 16439 | Lair:2   | Found a hole to the Spider Nest.
 16439 | Lair:2   | Noticed an orb spider
 16630 | Lair:2   | HP: 48/99 [disintegration (25)]
 16634 | Lair:2   | Killed an orb spider
 16634 | Lair:2   | Reached skill level 5 in Evocations
 17538 | Lair:3   | HP: 49/100 [blink frog (13)]
 17544 | Lair:3   | HP: 35/100 [blink frog (16)]
 17551 | Lair:3   | HP: 29/100 [blink frog (7)]
 17888 | Lair:3   | Reached XP level 12. HP: 95/107 MP: 16/16
 18120 | Lair:3   | Learned a level 4 spell: Cause Fear
 18141 | Lair:3   | HP: 53/107 [poisoned by a black mamba]
 18146 | Lair:3   | HP: 47/107 [poisoned by a black mamba]
 18151 | Lair:3   | HP: 42/107 [poisoned by a black mamba]
 18156 | Lair:3   | HP: 38/107 [poisoned by a black mamba]
 18161 | Lair:3   | HP: 34/107 [poisoned by a black mamba]
 18166 | Lair:3   | HP: 32/107 [poisoned by a black mamba]
 18172 | Lair:3   | HP: 30/107 [poisoned by a black mamba]
 18179 | Lair:3   | HP: 29/107 [poisoned by a black mamba]
 18185 | Lair:3   | HP: 29/107 [poisoned by a black mamba]
 18194 | Lair:3   | HP: 29/107 [poisoned by a black mamba]
 18199 | Lair:3   | HP: 29/107 [poisoned by a black mamba]
 18205 | Lair:3   | HP: 30/107 [poisoned by a black mamba]
 18211 | Lair:3   | HP: 31/107 [poisoned by a black mamba]
 18583 | Lair:3   | Reached skill level 1 in Translocations
 18602 | Lair:3   | HP: 53/107 [poisoned by a spiny frog]
 18607 | Lair:3   | HP: 53/107 [poisoned by a spiny frog]
 18613 | Lair:3   | HP: 52/107 [poisoned by a spiny frog]
 18622 | Lair:3   | HP: 53/107 [poisoned by a spiny frog]
 18876 | Lair:3   | Reached **** piety under Cheibriados
 19365 | Lair:4   | HP: 47/107 [spiny frog (11)]
 19370 | Lair:4   | HP: 41/107 [poisoned by a spiny frog]
 19375 | Lair:4   | HP: 35/107 [poisoned by a spiny frog]
 19380 | Lair:4   | HP: 31/107 [poisoned by a spiny frog]
 19385 | Lair:4   | HP: 28/107 [poisoned by a spiny frog]
 19391 | Lair:4   | HP: 27/107 [poisoned by a spiny frog]
 19397 | Lair:4   | HP: 26/107 [poisoned by a spiny frog]
 19406 | Lair:4   | HP: 27/107 [poisoned by a spiny frog]
 19412 | Lair:4   | HP: 27/107 [poisoned by a spiny frog]
 19418 | Lair:4   | HP: 28/107 [poisoned by a spiny frog]
 19424 | Lair:4   | HP: 28/107 [poisoned by a spiny frog]
 19501 | Lair:4   | HP: 33/107 [wyvern (16)]
 19503 | Lair:4   | Reached skill level 5 in Translocations
 19622 | Lair:4   | Found a gate leading to a gauntlet.
 19631 | Gauntlet | Entered a Gauntlet
 19631 | Gauntlet | Found a transporter.
 19631 | Gauntlet | Found a transporter.
 19631 | Gauntlet | Found a transporter.
 19774 | Gauntlet | Found a transporter.
 19776 | Gauntlet | Found a transporter.
 19787 | Gauntlet | Found a transporter.
 19795 | Gauntlet | Found a transporter.
 19813 | Gauntlet | Found a transporter.
 19830 | Gauntlet | Found a transporter.
 19833 | Gauntlet | Found a transporter.
 19834 | Gauntlet | Noticed a death scarab
 19844 | Gauntlet | Found a transporter.
 19891 | Gauntlet | Found a transporter.
 19959 | Gauntlet | Reached skill level 1 in Spellcasting
 20064 | Gauntlet | Got an ancient garnet amulet
 20066 | Gauntlet | Identified the amulet "Jathre" {Gourm Fragile rElec rF+
                  | Dex+6} (You found it in a Gauntlet)
 20098 | Gauntlet | Killed a death scarab
 20103 | Gauntlet | HP: 46/107 [spectral death yak (8)]
 20375 | Gauntlet | Paralysed by a wizard for 7 turns
 20377 | Gauntlet | HP: 45/107 [wizard/orb of energy (15)]
 20391 | Gauntlet | HP: 40/107 [wizard/+2 dagger of draining (7)]
 20439 | Gauntlet | HP: 28/107 [/a scroll of torment (25)]
 20757 | Gauntlet | Noticed a minotaur
 20767 | Gauntlet | Killed a minotaur
 20767 | Gauntlet | Reached skill level 5 in Spellcasting
 20931 | Lair:4   | HP: 52/107 [yak (3)]
 20937 | Lair:4   | HP: 34/107 [yak (11)]
 20940 | Lair:4   | HP: 6/107 [yak (12)]
 21311 | Lair:4   | Noticed Snorg
 21325 | Lair:4   | HP: 53/107 [Snorg (13)]
 21327 | Lair:4   | HP: 20/107 [Snorg (25)]
 21327 | Lair:4   | HP: 2/107 [Snorg (18)]
 21334 | Lair:3   | HP: 10/107 [crocodile (14)]
 22517 | Lair:5   | Learned a level 2 spell: Sticks to Snakes
 22651 | Lair:5   | Found a viscous altar of Jiyva.
 22652 | Lair:5   | Found a staircase to the Slime Pits.
 22752 | Lair:5   | Found a frozen archway.
 22800 | Lair:5   | Reached skill level 1 in Transmutations
 22805 | IceCv    | Entered an ice cave
 23255 | IceCv    | Reached skill level 13 in Unarmed Combat
 23255 | IceCv    | Reached XP level 13. HP: 59/114 MP: 20/20
 23574 | IceCv    | Got a steaming long sword
 23793 | Lair:5   | Reached ***** piety under Cheibriados
 24016 | Lair:5   | You fall into a shaft and drop 1 floor!
 24016 | Lair:6   | Entered Level 6 of the Lair of Beasts
 24030 | Lair:6   | HP: 54/115 [six-headed hydra (10)]
 24035 | Lair:6   | HP: 36/115 [hippogriff (5)]
 24041 | Lair:6   | HP: 20/115 [hippogriff (12)]
 24220 | Lair:6   | Reached skill level 1 in Hexes
 24692 | Lair:6   | HP: 52/115 [rime drake/flash freeze (9)]
 24697 | Lair:6   | HP: 50/115 [polar bear (3)]
 24702 | Lair:6   | HP: 41/115 [polar bear (1)]
 24714 | Lair:6   | HP: 27/116 [blink frog (7)]
 24724 | Lair:6   | Reached skill level 1 in Stealth
 24822 | Lair:6   | HP: 58/116 [blink frog (1)]
 24828 | Lair:6   | HP: 55/116 [blink frog (4)]
 25163 | Lair:6   | Noticed a dire elephant
 25183 | Lair:6   | HP: 48/116 [dire elephant (12)]
 25191 | Lair:6   | Killed a dire elephant
 25713 | Lair:6   | Found a burning altar of Makhleb.
 25763 | Lair:6   | HP: 51/116 [red devil/+0 trident (11)]
 25770 | Lair:6   | HP: 42/116 [orange demon (2)]
 25776 | Lair:6   | HP: 24/116 [red devil/+0 trident (3)]
 25781 | Lair:6   | Slain by a red devil

Levels and vault maps discovered:
D:1:      dpeg_arrival_windows_large_door, layout_basic,
          minmay_misc_feat_square, serial_bayou_lagoon_a, minmay_3d_cube
D:2:      layout_rooms, dancing_weapons_uskayaw,
          nemelex_xobeh_ov_fountains_minmay
D:3:      corexii_shack_village, layout_loops_ring, fedhas_ov_isle_minmay,
          overflow_temple_1_default, serial_bayou, serial_bayou_lagoon_b,
          serial_bayou_pond_c, serial_bayou_pond_c, serial_bayou_pond_a,
          serial_bayou_shore_a, serial_bayou_crossing, first_ration
D:4:      lemuel_upstairs_altar, layout_gridville, lemuel_crystal_altar,
          lemuel_doored_altar
D:5:      layout_loops_corners, minmay_temple_entry_large_hall
D:6:      layout_basic, kennysheep_mini_moat
D:7:      layout_loops_ring, zin_angel, serial_shops, shop, centaur_isle
D:8:      layout_gridville, uniq_maurice
D:9:      layout_rooms, overflow_temple_1_default, kennysheep_little_box,
          david_lair_generic, small_chamber_with_monster, uniq_gastronok,
          uniq_pikel
D:10:     layout_irregular_city, uniq_harold, uniq_nergalle
Temple:   nicolae_temple_hex_pool
Lair:1:   layout_layer_cave, minivault_24
Lair:2:   gammafunk_cloud_chamber, layout_cave_pods, minmay_swamp_entry_wisps,
          nicolae_spider_entry_orb_guardian
Lair:3:   layout_gridlike, grunt_megastairs_4
Lair:4:   layout_small_grid, gauntlet_entry_generic, uniq_snorg
Lair:5:   beast_lair_carwin_large_1, layout_cave_pods, slime_altar_1,
          portal_ice_cave_entry_ice_beasts, kennysheep_basilisk_garden
Lair:6:   evil_forest, layout_gridlike, maelrawn_ghost_gauntlet_escape

Skill      XL: |  1  2  3  4  5  6  7  8  9 10 11 12 13 |
---------------+----------------------------------------+-----
Unarmed Combat | 3 4 5 6 7 9 10 11 12 13 | 13.6
Fighting       | 4 5 6 7 8 9 10 11 | 11.2
Dodging        | 3 4 5 6 7 |  7.8
Shields        | 5 6 7 8 |  8.4
Invocations    | 1 4 5 6 7 |  7.5
Evocations     | 1 3 5 6 |  6.0
Translocations | 5 |  5.1
Spellcasting   | 5 |  5.2
Transmutations | 1 3 |  3.5
Hexes          | 2 |  2.5
Stealth        | 2 |  2.2

Action                   |  1- 3 |  4- 6 |  7- 9 | 10-12 | 13-15 || total
-------------------------+-------+-------+-------+-------+-------++-------
Melee: Unarmed           |   153 |   280 |   449 |   795 |   334 ||  2011
       Tailslap          |    16 |    32 |    64 |   195 |   107 ||   414
Invok: Slouch            |       |       |       |     2 |       ||     2
 Abil: Breathe Frost     |       |       |     4 |     6 |       ||    10
Evoke: Wand              |       |       |       |     7 |       ||     7
  Use: Scroll            |       |     7 |     7 |    15 |     2 ||    31
       Potion            |       |       |       |     5 |     1 ||     6
 Stab: Sleeping          |     1 |     2 |     3 |     2 |       ||     8
  Eat: Chunk             |     3 |    10 |    12 |    14 |     7 ||    46
       Ration            |       |       |     3 |     2 |       ||     5
Armor: Skin              |    30 |    56 |    69 |   117 |    54 ||   326
Dodge: Dodged            |    49 |   100 |   199 |   386 |   226 ||   960
Block: Shield            |    58 |   135 |   198 |   453 |   261 ||  1105
